 Dungeon Crawl Stone Soup version 0.26-a0-964-g69f9a3b9e2 (webtiles) character file.

Game seed: 12169348751229989156

151370 streetpizza the Scorcher (level 17, -11/134 HPs)
             Began as a Pale Draconian Conjurer on Dec 1, 2020.
             Was the Champion of Vehumet.
             Killed from afar by a deep elf annihilator (56 damage)
             ... with a poison arrow
             ... on level 3 of the Elven Halls on Dec 2, 2020.
             The game lasted 06:07:30 (49251 turns).

streetpizza the Scorcher (Pale Draconian Conjurer) Turns: 49251, Time: 06:07:31

Health: -11/134    AC: 16    Str: 10    XL:     17   Next: 0%
Magic:  26/34      EV: 19    Int: 27    God:    Vehumet [******]
Gold:   1665       SH:  4    Dex: 11    Spells: 4/42 levels left

rFire    + . .     SeeInvis +   N - +2 flail of Munegh {venom, Int+5 Stlth+}
rCold    + + +     Faith    +   g - +0 buckler
rNeg     . . .     Spirit   .   (armour unavailable)
rPois    .         Reflect  .   n - +2 hat
rElec    .         Harm     .   M - +0 cloak
rCorr    .         Rampage  .   p - +2 pair of gloves
MR       +++++                  b - +0 pair of boots
Stlth    +++.......             r - amulet of faith
HPRegen  0.32/turn              t - ring "Akhlutz" {*Contam rF+ rC+++ MR+++ Int-5}
MPRegen  0.24/turn              e - ring of Vikedd {MR+ EV+4 Int+3 SInv}

@: lethally poisoned (-11 -> -31), very slightly contaminated
A: breathe steam, unfitting armour, cold-blooded, AC +9
a: Breathe Steam, Renounce Religion


You were on level 3 of the Elven Halls.
You worshipped Vehumet.
Vehumet was exalted by your worship.
You visited 5 branches of the dungeon, and saw 27 of its levels.
You visited 1 bazaar.
You also visited: Ice Cave.

You collected 3317 gold pieces.
You spent 1652 gold pieces at shops.

Inventory:

Hand Weapons
 w - the +7 trident of Rifaosae {vorpal, +Rage rPois MR++ SInv}
   (You acquired it on level 4 of the Lair of Beasts)

   It inflicts extra damage upon your enemies.
   It protects you from poison.
   It affects your resistance to hostile enchantments.
   It lets you see invisible.
   It lets you go berserk.
 N - the +2 flail of Munegh (weapon) {venom, Int+5 Stlth+}
   (You bought it in a shop on level 4 of the Dungeon)

   It poisons the flesh of those it strikes.
   It affects your intelligence (+5).
   It makes you more stealthy.
Missiles
 D - 58 poisoned darts (quivered)
 Q - 3 curare-tipped darts
Armour
 b - a +0 pair of boots (worn)
 g - a +0 buckler (worn)
 n - a +2 hat (worn)
 p - a +2 pair of gloves (worn)
 M - a +0 cloak (worn)
Magical Staves
 x - an uncursed staff of conjuration
Jewellery
 e - the ring of Vikedd (right hand) {MR+ EV+4 Int+3 SInv}
   (You bought it in a shop on level 2 of the Orcish Mines)

   [ring of evasion]

   It affects your evasion (+4).
   It affects your intelligence (+3).
   It affects your resistance to hostile enchantments.
   It lets you see invisible.
 r - an amulet of faith (around neck)
 t - the ring "Akhlutz" (left hand) {*Contam rF+ rC+++ MR+++ Int-5}
   (You found it on level 6 of the Dungeon)

   [ring of protection from fire]

   It affects your intelligence (-5).
   It protects you from fire.
   It renders you almost immune to cold.
   It affects your resistance to hostile enchantments.
   It causes magical contamination when unequipped.
 A - a +4 ring of protection
Wands
 c - a wand of iceblast (10)
 k - a wand of paralysis (5)
 y - a wand of random effects (37)
 H - a wand of acid (13)
 O - a wand of disintegration (31)
 R - a wand of enslavement (11)
Scrolls
 a - 13 scrolls of remove curse
 d - 6 scrolls of blinking
 i - 4 scrolls of identify
 j - a scroll of fear
 l - 6 scrolls of amnesia
 m - 3 scrolls of magic mapping
 o - 6 scrolls of fog
 q - 7 scrolls of teleportation
 s - 7 scrolls of enchant armour
 u - a scroll of summoning
 z - 4 scrolls of enchant weapon
 J - 2 scrolls of silence
Potions
 f - 4 potions of brilliance
 h - 3 potions of ambrosia
 v - 2 potions of might
 B - a potion of haste
 C - 3 potions of cancellation
 E - 2 potions of mutation
 F - a potion of curing
 G - a potion of berserk rage {unknown}
 I - 3 potions of resistance
 L - a potion of flight


   Skills:
 + Level 7.6 Fighting
 - Level 2.1 Polearms
 - Level 7.2 Dodging
 - Level 1.7 Stealth
 - Level 4.0 Shields
 + Level 13.0 Spellcasting
 + Level 14.7 Conjurations
 + Level 17.0 Fire Magic
 + Level 3.3 Ice Magic
 - Level 13.9 Air Magic


You had 4 spell levels left.
You knew the following spells:

 Your Spells              Type           Power        Failure   Level
a - Magic Dart            Conj           ####         0%          1
b - Searing Ray           Conj           ######       0%          2
c - Mephitic Cloud        Conj/Pois/Air  ######..     1%          3
d - Frozen Ramparts       Ice            #####.       1%          3
e - Airstrike             Air            #######...   1%          4
f - Bolt of Magma         Conj/Fire/Erth ######....   1%          5
g - Freezing Cloud        Conj/Ice/Air   ######....   1%          6
h - Starburst             Conj/Fire      #######...   1%          6
i - Ignition              Fire           #######...   5%          8

Your spell library contained the following spells:

 Spells                   Type           Power        Failure   Level
 Chain Lightning          Conj/Air       #######...   16%         8
 Fire Storm               Conj/Fire      #######...   71%         9
 Absolute Zero            Ice            #####.....   100%        9
 Conjure Flame            Conj/Fire      #######.     0%          3
 Poisonous Vapours        Pois/Air       ######       1%          2
 Dazzling Flash           Conj/Hex       ######       1%          3
 Ignite Poison            Fire/Tmut/Pois #####...     1%          3
 Static Discharge         Conj/Air       #######.     1%          3
 Stone Arrow              Conj/Erth      ######       1%          3
 Fulminant Prism          Conj/Hex       ######....   1%          4
 Hailstorm                Conj/Ice       ######..     1%          4
 Iskenderun's Mystic Bla  Conj/Tloc      ######..     1%          4
 Summon Lightning Spire   Summ/Air       ######..     1%          4
 Ensorcelled Hibernation  Hex/Ice        ####..       2%          2
 Beastly Appendage        Tmut           ###...       3%          1
 Corona                   Hex            ###....      3%          1
 Sting                    Tmut/Pois      ###.         3%          1
 Summon Small Mammal      Summ           ###.         3%          1
 Call Imp                 Summ           ###.....     4%          2
 Wereblood                Tmut           ###.....     4%          2
 Olgreb's Toxic Radiance  Pois           ###.....     9%          4
 Call Canine Familiar     Summ           ###.....     10%         3
 Confusing Touch          Hex            ###.....     10%         3
 Spider Form              Tmut/Pois      ###.......   10%         3
 Summon Guardian Golem    Hex/Summ       ###.....     10%         3
 Tukima's Dance           Hex            ###.....     10%         3
 Ice Form                 Ice/Tmut       ####....     16%         4
 Summon Ice Beast         Ice/Summ       ####....     16%         4
 Irradiate                Conj/Tmut      ######....   1%          5
 Lightning Bolt           Conj/Air       #######...   1%          5
 Blade Hands              Tmut           ###.......   65%         5
 Tornado                  Air            #######...   92%         9
 Shatter                  Erth           ###.......   100%        9


Dungeon Overview and Level Annotations

Branches:
Dungeon (15/15)            Temple (1/1) D:7            Lair (6/6) D:10
 Shoals (0/4) Lair:3       Spider (0/4) Lair:4        Slime (0/5) Lair:6
    Orc (2/2) D:11            Elf (3/3) Orc:2        Vaults (0/5) D:14
 Depths (0/5) D:15          IceCv (visited)

Altars:
Ashenzari
Cheibriados
Dithmenos
Elyvilon
Fedhas
Gozag
Hepliaklqana
Kikubaaqudgha
Makhleb
Nemelex Xobeh
Okawaru
Qazlal
Ru
Sif Muna
Trog
Uskayaw
Vehumet
Wu Jian
Xom
Yredelemnul
Zin
The Shining One
Beogh

Shops:
D:4 (   Orc:2 :=!}   Elf:2 =   Elf:3 =}=

Portals:
Trove: D:11 (give +2 storm dragon scales)

Annotations:
D:4 Dowan, Duvessa
D:6 3 runed translucent doors, Glucose's ghost, novice MiBe
D:7 4 runed translucent doors
Lair:3 2 transporters
Elf:2 5 runed translucent doors
Elf:3 Roxanne


Innate Abilities, Weirdness & Mutations

You can breathe blasts of scalding, opaque steam.
Your pale cyan-grey scales are hard. (AC +9)
You cannot fit into any form of body armour.
You are cold-blooded and may be slowed by cold attacks.


Message History

The deep elf high priest begins emitting a brilliant aura!
The deep elf annihilator is empowered by the deep elf high priest's aura!
You miss the deep elf high priest.
The deep elf high priest is heavily wounded.
The deep elf high priest utters a dark prayer and points at you.
Your life force is offered up.
The deep elf high priest is healed.
The deep elf annihilator casts a spell at you.
The bolt of lightning misses you.
Unknown command.
Casting: Ignition (dangerous; 5% risk of failure)
Confirm with . or Enter, or press ? or * to list all spells.
Casting: Ignition (dangerous; 5% risk of failure)
Press: ? - help, Dir - look around You miscast Ignition.
You are very lightly contaminated with residual magic.
Nothing appears to happen.
The deep elf high priest misses you.
The deep elf annihilator points at you and mumbles some strange words.
The poison arrow hits you!!!
You are poisoned.
You die...

#..[## ##.....#..# #.
##...###....####.# #.
##.......#### #)# #.
#...⌠...#..# #.# #.
#.......#..###.# #.
...##
#.⌠...⌠.#..)..)######.
....
#......)#..'.......e.*
....
#...e[.)#.####..##.##.
... ###..e[@).###
#..##.##. ...
###....###...##
#..##.##.
..######.....## ##?..#
#..##.##'
.........⌠..## #(..##
#..##.#..
.)....##..### ##...#
#..##.#..
......###'#### #...#
#..##.#..
......#......#
##..###.....'..
......+....#.#
#...##)....'..
......#.####.#
#.<.##..####..


You could see a deep elf annihilator (empowered) and a deep elf high priest
(brilliance aura, very poisoned).

Vanquished Creatures
  Jorgrun (Orc:1)
  6 deep elf sorcerers
  2 deep elf elementalists (Elf:3)
  A reaper (IceCv)
  Azrael (Orc:2)
  2 deep elf annihilators (Elf:3)
  Snorg (D:14)
  A deep elf death mage (Elf:3)
  2 deep elf high priests
  Erolcha (Orc:1)
  A rakshasa (D:14)
  A boulder beetle (D:15)
  11 hydras
  An ogre mage (Orc:2)
  8 two-headed ogres
  2 centaur warriors
  A death knight (D:14)
  A tengu warrior (D:15)
  21 dancing weapons
  10 death yaks
  3 orc high priests
  10 deep elf knights
  2 unseen horrors
  2 wizards (D:14)
  4 lindwurms (Lair:3)
  9 deep elf archers
  2 orc knights
  A wolf spider (Lair:4)
  30 deep elf magi
  12 ugly things
  An elephant (shapeshifter) (Elf:3)
  5 orc sorcerers
  5 cyclopes
  4 manticores
  2 merfolk sirens (Lair:3)
  2 gargoyles
  A black mamba (Lair:2)
  3 elephants (Lair:5)
  3 ice statues
  25 cane toads
  7 komodo dragons
  2 freezing wraiths
  A kobold demonologist (D:13)
  3 rime drakes
  11 ice devils (IceCv)
  A merfolk (Lair:3)
  3 meliai (D:15)
  A queen bee (shapeshifter) (Elf:1)
  7 trolls
  7 polar bears
  4 tyrant leeches (Lair:6)
  Prince Ribbit (D:6)
  11 dream sheep
  14 blink frogs
  4 air elementals
  3 shadows
  5 wraiths
  A water elemental (Elf:3)
  6 basilisks
  45 yaks
  2 vampires (D:15)
  4 wyverns
  3 fire elementals
  Menkaure (D:6)
  6 vampire mosquitoes
  Edmund (D:6)
  5 wargs
  An acid dragon (D:13)
  3 soldier ants
  12 water moccasins
  5 hell hounds (Orc:2)
  30 orc warriors
  A hornet zombie (D:15)
  An eye of draining (shapeshifter) (Elf:3)
  4 sky beasts
  2 black bears
  15 ice beasts
  3 necrophages
  6 ogres
  2 eyes of draining
  3 phantoms
  3 centaurs
  12 wolves
  3 big kobolds
  22 bullfrogs
  An earth elemental (Elf:2)
  10 killer bees
  7 scorpions
  17 wights
  2 electric eels
  3 howler monkeys (D:7)
  A bullfrog zombie (D:6)
  7 centaur zombies
  2 quasits
  3 hounds
  3 bullfrog skeletons
  30 orc priests
  14 jellies
  38 orc wizards
  8 centaur skeletons
  Ijyb (D:4)
  4 iguanas
  11 hell rats
  14 worker ants
  A hound zombie (D:7)
  3 hound skeletons
  A worker ant zombie (D:11)
  8 gnolls
  10 adders
  9 river rats (Lair:2)
  11 white imps
  7 ufetubi
  2 oozes (Lair:6)
  An adder skeleton (D:6)
  2 dart slugs
  6 worms
  5 leopard geckos
  73 orcs
  6 giant cockroaches
  5 goblins
  10 hobgoblins
  9 jackals
  5 quokkas
  7 bats
  5 frilled lizards
  11 kobolds
  2 leopard gecko skeletons
  A quokka skeleton (D:5)
  15 rats
879 creatures vanquished.

Vanquished Creatures (others)
  A two-headed ogre (D:13)
  A worker ant (D:13)
  5 white imps (IceCv)
  2 ufetubi (IceCv)
  A bush (Lair:4)
  32 fungi
  90 plants
132 creatures vanquished.

Grand Total: 1011 creatures vanquished

Notes
Turn   | Place    | Note
-------+----------+-------------------------------------------
     0 | D:1      | streetpizza the Draconian Conjurer began the quest for the
                  | Orb.
     0 | D:1      | Reached XP level 1. HP: 14/14 MP: 3/3
   514 | D:1      | Reached XP level 2. HP: 22/22 MP: 0/5
   608 | D:1      | Learned a level 2 spell: Searing Ray
   612 | D:1      | Reached skill level 1 in Fighting
  1417 | D:2      | Reached XP level 3. HP: 28/28 MP: 1/6
  1920 | D:2      | Reached XP level 4. HP: 36/36 MP: 1/7
  2705 | D:3      | Reached XP level 5. HP: 31/41 MP: 4/9
  3291 | D:4      | Noticed Duvessa
  3291 | D:4      | Noticed Dowan
  3519 | D:4      | Reached skill level 1 in Polearms
  3519 | D:4      | Reached skill level 1 in Shields
  3989 | D:4      | Reached XP level 6. HP: 50/50 MP: 0/10
  4224 | D:4      | Noticed a moth of wrath
  4227 | D:4      | Found a bloodstained altar of Trog.
  4260 | D:4      | Found Vaikhlacw's Weapon Boutique.
  4502 | D:4      | Noticed Ijyb
  4534 | D:4      | Killed Ijyb
  4535 | D:4      | Reached skill level 5 in Conjurations
  5350 | D:5      | Entered Level 5 of the Dungeon
  5817 | D:5      | You fall into a shaft and drop 2 floors!
  5822 | D:7      | Found a staircase to the Ecumenical Temple.
  5844 | D:7      | Your scales start taking on a pale cyan-grey colour.
  5844 | D:7      | Reached XP level 7. HP: 51/57 MP: 12/12
  5847 | Temple   | Entered the Ecumenical Temple
  5978 | Temple   | Became a worshipper of Vehumet
  6610 | D:6      | Got a warped tin ring
  6611 | D:6      | Identified the ring "Akhlutz" {*Contam rF+ rC+++ MR+++
                  | Int-5} (You found it on level 6 of the Dungeon)
  6843 | D:6      | Noticed Edmund
  7056 | D:6      | Noticed Prince Ribbit
  7093 | D:6      | Found a runed translucent gate.
  7094 | D:6      | Found a runed translucent gate.
  7094 | D:6      | Identified the cursed +3 great sword of Hapulo {vorpal,
                  | rElec Str-2 Dex+8 Stlth-}
  7094 | D:6      | Identified the +7 plate armour "Bodghiuk" {Regen+ Str+4}
  7095 | D:6      | Found a roughly hewn altar of Beogh.
  7095 | D:6      | Found a runed translucent gate.
  7096 | D:6      | Noticed Glucose's ghost (novice MiBe)
  7221 | D:6      | Reached * piety under Vehumet
  7221 | D:6      | Offered knowledge of Freeze by Vehumet.
  7222 | D:6      | Reached XP level 8. HP: 27/67 MP: 1/14
  7680 | D:6      | Noticed Menkaure
  7685 | D:6      | Killed Menkaure
  7772 | D:6      | Killed Edmund
  7880 | D:6      | Reached skill level 5 in Fighting
  8068 | D:6      | Killed Prince Ribbit
  8241 | D:7      | Reached skill level 5 in Spellcasting
  8339 | D:7      | Reached skill level 5 in Dodging
  8678 | D:7      | Found an opulent altar of Gozag.
  8689 | D:7      | Reached XP level 9. HP: 75/75 MP: 12/16
  9023 | D:7      | Found a huge runed translucent gate.
  9023 | D:7      | Found a huge runed translucent gate.
  9023 | D:7      | Found a huge runed translucent gate.
  9023 | D:7      | Found a huge runed translucent gate.
  9023 | D:7      | Noticed a death yak
  9023 | D:7      | Noticed a polar bear
  9023 | D:7      | Noticed a polar bear
  9023 | D:7      | Noticed a polar bear
  9023 | D:7      | Noticed a polar bear
  9023 | D:7      | Noticed a polar bear
  9263 | D:8      | Reached ** piety under Vehumet
  9286 | D:8      | Offered knowledge of Sandblast by Vehumet.
  9548 | D:8      | Found a roughly hewn altar of Beogh.
 10147 | D:9      | Found a bloodstained altar of Trog.
 10147 | D:9      | Noticed a troll
 10395 | D:9      | Offered knowledge of Mephitic Cloud by Vehumet.
 10400 | D:9      | Learned a level 3 spell: Mephitic Cloud
 10470 | D:9      | Noticed a troll
 10483 | D:9      | Killed a troll
 10484 | D:9      | Reached skill level 1 in Air Magic
 10826 | D:9      | Identified Sif Muna's Guide on Conjuration and Poisoning
 10902 | D:9      | Killed a troll
 11094 | D:9      | Noticed a two-headed ogre
 11110 | D:9      | Killed a two-headed ogre
 11111 | D:9      | Reached XP level 10. HP: 84/84 MP: 12/19
 11308 | D:9      | Reached *** piety under Vehumet
 11430 | D:10     | Entered Level 10 of the Dungeon
 11929 | D:10     | Found a staircase to the Lair.
 11988 | D:10     | Reached skill level 5 in Air Magic
 12082 | D:10     | Offered knowledge of Static Discharge by Vehumet.
 12872 | D:11     | Noticed a manticore
 12961 | D:11     | Reached **** piety under Vehumet
 13356 | D:11     | Noticed a seven-headed hydra
 13488 | D:11     | Killed a seven-headed hydra
 13488 | D:11     | Offered knowledge of Frozen Ramparts by Vehumet.
 13493 | D:11     | Learned a level 3 spell: Frozen Ramparts
 13641 | D:11     | Identified the cursed +2 trident "Goblinbane" {elec, *Rage
                  | Str+7 Dex+4}
 13658 | D:11     | Identified a scroll of acquirement
 13659 | D:11     | Acquired a book of the Tempests
 13708 | D:11     | Noticed a cyclops
 13952 | D:11     | Killed a cyclops
 13953 | D:11     | Reached skill level 1 in Fire Magic
 13953 | D:11     | Reached XP level 11. HP: 68/90 MP: 8/22
 14406 | D:11     | Killed an unseen horror
 14407 | D:11     | Reached skill level 2 in Fire Magic
 14628 | D:11     | Found a portal to a secret trove of treasure.
 14686 | D:11     | Reached skill level 3 in Fire Magic
 14796 | D:11     | Reached skill level 10 in Conjurations
 14851 | D:11     | Found a staircase to the Orcish Mines.
 14856 | D:11     | Reached ***** piety under Vehumet
 14856 | D:11     | Offered knowledge of Airstrike by Vehumet.
 15087 | D:4      | Bought the +2 flail of Munegh {venom, Int+5 Stlth+} for 448
                  | gold pieces
 15391 | D:11     | Reached skill level 4 in Fire Magic
 15623 | D:12     | Learned a level 4 spell: Airstrike
 15635 | D:12     | Noticed a seven-headed hydra
 15647 | D:12     | Killed a seven-headed hydra
 15648 | D:12     | Reached skill level 5 in Fire Magic
 15926 | D:12     | Reached skill level 6 in Fire Magic
 15981 | D:12     | Found a shadowy altar of Dithmenos.
 16547 | D:12     | Noticed a two-headed ogre
 16557 | D:12     | Killed a two-headed ogre
 16856 | D:13     | Found a flickering gateway to a bazaar.
 16868 | Bazaar   | Entered a bazaar
 16882 | Bazaar   | Found Maetiox's Antique Weapon Shoppe.
 16882 | Bazaar   | Found Esinky's Jewellery Emporium.
 16903 | Bazaar   | Found Xolaeblo's Weapon Emporium.
 16918 | Bazaar   | Found Zojorghe's Weapon Shoppe.
 16918 | Bazaar   | Found Ecihoney's General Store.
 17079 | Bazaar   | Bought a warped dagger for 147 gold pieces
 17105 | Bazaar   | Bought a scroll of identify for 20 gold pieces
 17105 | Bazaar   | Bought a scroll of teleportation for 30 gold pieces
 17105 | Bazaar   | Bought a scroll of identify for 20 gold pieces
 17105 | Bazaar   | Bought a scroll of remove curse for 30 gold pieces
 17105 | Bazaar   | Bought a scroll of identify for 20 gold pieces
 17105 | Bazaar   | Bought 2 potions of brilliance for 80 gold pieces
 17105 | Bazaar   | Bought a potion of lignification for 30 gold pieces
 17105 | Bazaar   | Identified the +8 dagger "Ibry" {pain, MR+ Dex+2} (You
                  | bought it in a shop in a bazaar)
 17186 | D:13     | Reached XP level 12. HP: 96/96 MP: 13/24
 17250 | D:13     | Found a snail-covered altar of Cheibriados.
 17263 | D:13     | You fall into a shaft and drop 1 floor!
 17276 | D:14     | Reached skill level 7 in Fire Magic
 17329 | D:14     | Noticed a death knight
 17334 | D:14     | Noticed a two-headed ogre
 17340 | D:14     | Killed a two-headed ogre
 17708 | D:14     | Reached skill level 8 in Fire Magic
 18007 | D:13     | Noticed a six-headed hydra
 18482 | D:13     | Killed a six-headed hydra
 18689 | D:13     | Killed a two-headed ogre
 18733 | D:13     | Reached skill level 9 in Fire Magic
 19595 | D:14     | Noticed Snorg
 19610 | D:14     | Killed Snorg
 19611 | D:14     | Reached skill level 10 in Air Magic
 19747 | D:14     | Noticed a rakshasa
 19748 | D:14     | Noticed a centaur warrior
 19796 | D:14     | Killed a centaur warrior
 19804 | D:14     | Killed a rakshasa
 19805 | D:14     | Reached skill level 10 in Fire Magic
 19813 | D:14     | Reached XP level 13. HP: 44/102 MP: 9/26
 20126 | D:14     | Offered knowledge of Bolt of Magma by Vehumet.
 20138 | D:14     | Learned a level 5 spell: Bolt of Magma
 20271 | D:14     | Found a gate to the Vaults.
 20962 | D:15     | Entered Level 15 of the Dungeon
 21865 | D:15     | Reached skill level 11 in Fire Magic
 22270 | D:15     | Reached skill level 10 in Spellcasting
 23736 | D:15     | Found a staircase to the Depths.
 23736 | D:15     | Noticed a frost giant
 24063 | Lair:1   | Entered Level 1 of the Lair of Beasts
 25353 | Lair:2   | Offered knowledge of Freezing Cloud by Vehumet.
 25557 | Lair:2   | Learned a level 6 spell: Freezing Cloud
 25592 | Lair:2   | Reached skill level 12 in Fire Magic
 25868 | Lair:2   | You fall into a shaft and drop 2 floors!
 26685 | Lair:2   | Reached XP level 14. HP: 42/111 MP: 21/28
 27583 | Lair:3   | Found a staircase to the Shoals.
 28047 | Lair:3   | Found a transporter.
 28047 | Lair:3   | Found a transporter.
 28868 | Lair:3   | Got a pitted flail
 29084 | Lair:3   | Identified the cursed +1 flail "Wasam" {holy, rN+ Str-5
                  | Int+2 SInv} (You found it on level 3 of the Lair of Beasts)
 29742 | Lair:4   | Found a hole to the Spider Nest.
 29880 | Lair:4   | Reached skill level 13 in Fire Magic
 30789 | Lair:4   | Offered knowledge of Conjure Ball Lightning by Vehumet.
 31205 | Lair:4   | Acquired the +7 trident of Rifaosae {vorpal, +Rage rPois
                  | MR++ SInv}
 31225 | Lair:4   | Got a smoking glaive
 31240 | Lair:4   | Identified the +5 glaive "Seebomn" {flame, +Rage Str+4}
                  | (You found it on level 4 of the Lair of Beasts)
 31826 | Lair:5   | Found a frozen archway.
 31832 | IceCv    | Entered an ice cave
 33210 | IceCv    | Noticed a reaper
 33355 | IceCv    | HP: 5/111 [reaper/+2 scythe of freezing (36)]
 33356 | IceCv    | Killed a reaper
 34128 | Lair:5   | Reached skill level 14 in Fire Magic
 35043 | Lair:5   | Reached ****** piety under Vehumet
 35307 | Lair:6   | Entered Level 6 of the Lair of Beasts
 35452 | Lair:6   | Reached XP level 15. HP: 116/116 MP: 24/30
 35854 | Lair:5   | Offered knowledge of Starburst by Vehumet.
 35863 | Lair:5   | Learned a level 6 spell: Starburst
 36711 | Lair:5   | Upgraded the game from 0.26-a0-958-gf3041fb45f to
                  | 0.26-a0-964-g69f9a3b9e2
 37033 | Lair:6   | Found a staircase to the Slime Pits.
 37829 | Lair:6   | Offered knowledge of Yara's Violent Unravelling by Vehumet.
 38366 | Lair:6   | Reached skill level 15 in Fire Magic
 38371 | Lair:6   | Got a crystal flail
 38372 | Lair:6   | Identified the +5 flail of Moderation {venom, *Corrode rF+
                  | rN+ MR++} (You found it on level 6 of the Lair of Beasts)
 38820 | Orc:1    | Entered Level 1 of the Orcish Mines
 39112 | Orc:2    | Entered Level 2 of the Orcish Mines
 39129 | Orc:2    | Noticed Azrael
 39138 | Orc:2    | Killed Azrael
 39452 | Orc:2    | Found a radiant altar of Vehumet.
 40267 | Orc:2    | Found a staircase to the Elven Halls.
 41015 | Orc:1    | Noticed Jorgrun
 41032 | Orc:1    | Killed Jorgrun
 41359 | Orc:1    | Offered knowledge of Lehudib's Crystal Spear by Vehumet.
 41620 | Orc:1    | Learned a level 8 spell: Ignition
 42151 | Orc:1    | Noticed Erolcha
 42328 | Orc:2    | Found Dinaz's Book Emporium.
 42328 | Orc:2    | Found Ilag's Jewellery Emporium.
 42615 | Orc:2    | Found Vypn's Gadget Shoppe.
 42618 | Orc:2    | Found Dohed's Distillery.
 42822 | Orc:2    | Bought the ring of Vikedd {MR+ EV+4 Int+3 SInv} for 827
                  | gold pieces
 42853 | Elf:1    | Entered Level 1 of the Elven Halls
 43148 | Orc:1    | Killed Erolcha
 43513 | Elf:1    | Reached XP level 16. HP: 118/124 MP: 32/32
 43515 | Elf:1    | Reached skill level 16 in Fire Magic
 45891 | Elf:2    | Offered knowledge of Fire Storm by Vehumet.
 45891 | Elf:2    | Offered knowledge of Chain Lightning by Vehumet.
 45891 | Elf:2    | Offered knowledge of Absolute Zero by Vehumet.
 46103 | Elf:2    | Found Hykker's Jewellery Shop.
 46435 | Elf:2    | Found a huge runed translucent gate.
 46435 | Elf:2    | Found a huge runed translucent gate.
 46437 | Elf:2    | Found a huge runed translucent gate.
 46438 | Elf:2    | Found a huge runed translucent gate.
 46439 | Elf:2    | Found a huge runed translucent gate.
 47076 | Elf:3    | Entered Level 3 of the Elven Halls
 47093 | Elf:3    | Reached skill level 1 in Ice Magic
 48067 | Elf:3    | Found Aharches's Jewellery Shoppe.
 48069 | Elf:3    | Found Yvoeso Cydd's Gadget Shop.
 48070 | Elf:3    | Found Boam's Jewellery Shoppe.
 48491 | Elf:3    | Noticed Roxanne
 48787 | Elf:3    | Reached skill level 17 in Fire Magic
 49124 | Elf:3    | Reached XP level 17. HP: 97/134 MP: 20/34
 49249 | Elf:3    | Identified the +2 robe "Beakloot" {+Inv rCorr}
 49251 | Elf:3    | Killed from afar by a deep elf annihilator

Illustrated notes

Levels and vault maps discovered:
D:1:      dpeg_arrival_concentric_ovals, layout_basic
D:2:      layout_loops_cross, minmay_heptomino_w4
D:3:      layout_loops_ring, grunt_decor_cap
D:4:      layout_loops_cross, serial_shops, shop, tgw_trog, uniq_duvessa,
          uniq_ijyb
D:5:      layout_loops_ring, minivault_1, kennysheep_another_room
D:6:      layout_gridville, biasface_ghost_orc_armoury,
          hangedman_abyss_or_decor_stagger, minivault_19, grunt_ministairs_14,
          uniq_edmund, uniq_prince_ribbit1, uniq_menkaure
D:7:      lemuel_bear_cage, layout_cave_pools, grunt_gozag_breadcrumbs,
          minmay_temple_entry_mini_moons
D:8:      layout_loops_ring, david_defended_altar_orc
D:9:      layout_irregular_city, minmay_ruined_shrine
D:10:     layout_roguey, erik_lair_orcish_takeover
D:11:     layout_loops_corners, erik_orc_2, enter_trove_6,
          hangedman_glass_garden
D:12:     layout_loops_ring, grunt_dithmenos_smoke
D:13:     layout_basic, serial_shops, bzr_firewalk,
          hangedman_abyss_or_decor_clamps, nrook_pool_corridor,
          cheibriados_altar_2
D:14:     layout_basic, david_vaults_1, grunt_decor_junction, uniq_snorg
D:15:     grunt_enter_depths_snipers, layout_gridville, nrook_uturn,
          minmay_variable_closet
Temple:   compressed_dpeg_triangle_lava_temple
Lair:1:   layout_cave_pods, lemuel_fruit_tree, serial_bayou_shore_a,
          infiniplex_staircase_pool_2, grunt_megastairs_1
Lair:2:   layout_regular_city, kennysheep_abandoned_house, grunt_megastairs_3
Lair:3:   gammafunk_boulding_lane, layout_cave_pods, elwin_shoals_entry_stream,
          minmay_lindwurm_lava
Lair:4:   layout_loops_ring, spider_nest_entry_rubble, ice2_lemuel
Lair:5:   layout_small_grid, portal_ice_cave_rime, serial_bayou_shore_b
Lair:6:   minmay_lair_end_frog_pond, layout_cave_shapes,
          minmay_slime_entry_jelly_boxes
Orc:1:    layout_diamond_mine, uniq_jorgrun, uniq_erolcha
Orc:2:    st_orc_mages, layout_diamond_mine, lemuel_statue_altar, uniq_azrael
Elf:1:    minmay_elf_arrival_circle, layout_gridlike, evilmike_minifort,
          palyth_stone_intersect
Elf:2:    layout_loops_cross, serial_co_window_serial, co_window_paths_b,
          co_window_paths_a, co_window_paths_a, co_window_cross_1,
          co_window_paths_a, co_window_paths_a, co_window_corner_a,
          co_window_broadway_a, glass_columns_a, glass_columns_a,
          glass_columns_c, serial_shops, nicolae_shop_waterfront
Elf:3:    minmay_elf_hall_dome, layout_gridlike, grunt_megastairs_4,
          minmay_shop_grove, uniq_roxanne

Skill      XL: |  1  2  3  4  5  6  7  8  9 10 11 12 13 14 15 16 |
---------------+-------------------------------------------------+-----
Dodging        | 2 3 4 5 6 7 |  7.2
Fighting       | 1 2 3 4 5 6 7 |  7.6
Spellcasting   | 3 4 5 6 7 8 9 10 11 12 13 | 13.0
Polearms       | 1 2 |  2.1
Shields        | 1 2 4 |  4.0
Conjurations   | 5 6 7 9 10 11 12 13 14 | 14.7
Air Magic      | 4 7 8 10 11 12 13 | 13.9
Fire Magic     | 1 6 10 12 14 15 17 | 17.0
Ice Magic      | 3 |  3.3
Stealth        | |  1.7

Action                   |  1- 3 |  4- 6 |  7- 9 | 10-12 | 13-15 | 16-18 || total
-------------------------+-------+-------+-------+-------+-------+-------++-------
Melee: Spear             |    34 |   146 |       |       |       |       ||   180
       Tailslap          |     4 |    25 |    28 |    43 |    80 |    15 ||   195
       Dagger            |       |    68 |   280 |   192 |       |       ||   540
       Flail             |       |       |    12 |   144 |   659 |   147 ||   962
       Staff             |       |       |    14 |       |       |       ||    14
       Trident           |       |       |       |    77 |       |       ||    77
Throw: Dart              |       |       |    13 |    11 |    13 |       ||    37
 Cast: Magic Dart        |    47 |    11 |     1 |     1 |     3 |       ||    63
       Searing Ray       |     3 |    20 |    36 |    92 |    80 |     6 ||   237
       Mephitic Cloud    |       |       |     3 |    24 |     9 |       ||    36
       Frozen Ramparts   |       |       |       |    41 |   141 |    23 ||   205
       Airstrike         |       |       |       |     4 |    28 |    53 ||    85
       Bolt of Magma     |       |       |       |       |   110 |     1 ||   111
       Freezing Cloud    |       |       |       |       |    50 |     6 ||    56
       Starburst         |       |       |       |       |    24 |       ||    24
       Ignition          |       |       |       |       |    12 |    21 ||    33
 Abil: Breathe Steam     |       |       |     5 |    15 |    19 |     2 ||    41
Evoke: Wand              |       |       |       |     1 |     2 |       ||     3
  Use: Scroll            |       |     1 |       |    19 |    12 |       ||    32
       Potion            |       |     4 |       |       |     5 |     1 ||    10
 Stab: Sleeping          |       |     3 |     3 |     7 |     2 |       ||    15
       Confused          |       |       |     1 |     3 |     1 |       ||     5
Armor: Skin              |    23 |    83 |   152 |   275 |   479 |    84 ||  1096
Dodge: Dodged            |    25 |   134 |   249 |   403 |   867 |    97 ||  1775
Block: Buckler           |       |       |       |       |       |    11 ||    11

Table legend: (Time is in decaauts)
 A = Elapsed time spent in this place.
 B = Non-inter-level travel time spent in this place.
 C = Inter-level travel time spent in this place.
 D = Time resting spent in this place.
 E = Time spent auto-exploring this place.
 F = Levels seen in this place.
 G = Mean time per level.
                   A        B        C        D        E       F      G
               +--------+--------+--------+--------+--------+-----+--------+
         Total |  49812 |  47886 |   1926 |   7861 |  29834 |  29 | 1717.7 |
       Dungeon |  23958 |  22804 |   1154 |   3198 |  14339 |  15 | 1597.2 |
        Temple |    140 |    132 |      8 |      0 |    105 |   1 |  140.0 |
          Lair |  12762 |  12333 |    429 |   2742 |   7699 |   6 | 2127.0 |
  Orcish Mines |   4553 |   4369 |    184 |   1228 |   1967 |   2 | 2276.5 |
   Elven Halls |   5978 |   5827 |    151 |    356 |   4430 |   3 | 1992.7 |
        Bazaar |    254 |    254 |      0 |      0 |     79 |   1 |  254.0 |
      Ice Cave |   2164 |   2164 |      0 |    335 |   1214 |   1 | 2164.0 |
               +--------+--------+--------+--------+--------+-----+--------+

Top non-repeatable levels by time:
  Lair:5: 3665 daAuts
   Orc:2: 3359 daAuts
    D:15: 2844 daAuts
    D:11: 2621 daAuts
  Lair:4: 2530 daAuts
    D:14: 2329 daAuts
   Elf:2: 2255 daAuts
   IceCv: 2164 daAuts
  Lair:3: 2028 daAuts
     D:6: 1990 daAuts
  Lair:2: 1911 daAuts
   Elf:3: 1892 daAuts
   Elf:1: 1830 daAuts
     D:3: 1562 daAuts
    D:13: 1554 daAuts
